Map: Ruins of Seras

Players

Salvakitty - Winner!

  • Race: Protoss Protoss
  • League: Silver

juhyg

  • Race: Zerg Zerg
  • League: Silver

VOD

Have the link to the VOD?

Description

Time

  • Played on: Feb. 7, 2016, 11:26 p.m.
  • Length: 15:40
Show
View Real Time Build Order
Export as new Build Order

Salvakitty Protoss - Winner!

Build Orders: 1 Gate Expand 

Get SALT Encoding   

  12  0:02  Probe (Chrono Boost)  
  13  0:13  Probe (Chrono Boost)  
  14  0:18  Pylon  
  14  0:25  Probe (Chrono Boost)  
  15  0:45  Gateway  
  15  0:53  Probe (Chrono Boost)  
  16  0:59  Assimilator  
  16  1:03  Probe (Chrono Boost)  
  17  1:14  Probe (Chrono Boost)  
  18  1:28  Nexus  
  18  1:33  Zealot  
  18  1:39  Cybernetics Core  
  20  1:43  Probe (Chrono Boost)  
  21  1:53  Probe (Chrono Boost)  
  22  2:20  Pylon  
  21  2:23  Warp Gate  
  21  2:25  Stalker  
  23  2:37  Assimilator  
  23  2:46  Gateway  
  23  2:50  Gateway  
  23  2:54  Probe (Chrono Boost)  
  24  3:03  Stalker (Chrono Boost)  
  24  3:04  Probe  
  27  3:15  Probe  
  27  3:17  Pylon  
  28  3:23  Mothership Core  
  28  3:25  Probe  
  31  3:36  Probe  
  31  3:37  Zealot (Chrono Boost)  
  34  3:46  Probe  
  34  3:48  Zealot (Chrono Boost)  
  37  3:52  Probe  
  38  3:57  Probe  
  39  4:04  Probe  
  40  4:11  Robotics Facility  
  40  4:14  Forge  
  40  4:16  Pylon  
  31  4:36  Zealot  
  31  4:40  Zealot x2  
  35  4:59  Stalker  
  37  5:01  Zealot  
  37  5:03  Zealot  
  41  5:11  Observer  
  41  5:12  Protoss Ground Weapons Level 1  
  42  5:23  Probe  
  43  5:33  Pylon  
  43  5:34  Probe  
  44  5:44  Probe, Stalker  
  44  5:45  Zealot x2  
  51  5:55  Probe  
  52  6:04  Pylon  
  52  6:11  Pylon  
  52  6:22  Assimilator  
  50  6:37  Stalker  
  50  6:38  Zealot x2  
  50  7:00  Warp Prism (Chrono Boost)  
  52  7:07  Protoss Shields Level 1  
  52  7:19  Zealot x2  
  56  7:35  Nexus  
  52  7:57  Zealot x3  
  44  8:22  Gateway  
  44  8:24  Gateway  
  44  8:26  Gateway, Zealot x3  
  48  8:29  Pylon  
  44  8:51  Stalker x2  
  44  8:52  Zealot  
  50  9:02  Probe  
  49  9:12  Probe  
  49  9:16  Pylon  
  50  9:17  Protoss Ground Armor Level 1 (Chrono Boost)  
  50  9:18  Pylon  
  50  9:20  Immortal (Chrono Boost)  
  50  9:23  Probe  
  54  9:27  Stalker x2  
  54  9:28  Zealot x2  
  54  9:29  Zealot  
  54  9:30  Stalker  
  67  9:33  Probe x2  
  67  9:36  Assimilator  
  69  9:43  Probe  
  70  9:48  Twilight Council  
  70  9:52  Forge  
  70  9:54  Probe  
  70  9:56  Robotics Facility  
  71  10:00  Robotics Bay  
  71  10:05  Stalker x2  
  71  10:06  Sentry  
  71  10:07  Zealot, Sentry  
  79  10:08  Zealot  
  79  10:14  Immortal (Chrono Boost)  
  87  10:20  Probe  
  87  10:26  Pylon  
  88  10:30  Probe  
  88  10:35  Stalker x2  
  93  10:36  Zealot  
  93  10:37  Zealot  
  93  10:42  Probe  
  97  10:47  Probe  
  97  10:48  Probe  
  100  10:53  Probe  
  100  10:56  Disruptor  
  104  11:00  Probe  
  104  11:03  Probe  
  106  11:24  Stalker x2  
  110  11:25  Stalker  
  110  11:27  Stalker  
  110  11:28  Zealot  
  110  11:29  Sentry  
  118  11:54  Disruptor  
  118  11:59  Protoss Ground Weapons Level 2 (Chrono Boost)  
  121  12:04  Zealot  
  121  12:06  Stalker  
  125  12:14  Protoss Ground Armor Level 2 (Chrono Boost), Pylon  
  125  12:18  Assimilator  
  125  12:21  Assimilator  
  125  12:31  Probe  
  125  12:34  Stalker  
  128  12:37  Charge (Chrono Boost)  
  128  12:41  Probe  
  111  13:51  Stalker x3  
  111  13:52  Stalker x3  
  123  14:11  Probe  
  124  14:22  Probe  
  124  14:23  Stalker  
  124  14:24  Stalker x2  
  129  14:25  Zealot  
  129  14:29  Pylon x2  
  133  14:33  Gateway  
  133  14:40  Gateway x2  
  133  14:42  Probe  
  133  15:03  Stalker x4  
  133  15:04  Stalker  
  133  15:05  Zealot  
  123  15:33  Stalker x3  
  123  15:34  Stalker x2, Zealot  
Show
View Real Time Build Order
Export as new Build Order

juhyg Zerg 

Build Orders: Pool First 

Get SALT Encoding   

  12  0:20  Spawning Pool  
  11  0:24  Extractor  
  11  0:25  Drone  
  11  0:30  Drone  
  11  0:35  Drone  
  13  0:40  Drone  
  14  0:51  Overlord  
  14  1:06  Overlord  
  14  1:10  Drone  
  15  1:15  Queen  
  17  1:22  Zergling x2  
  18  1:38  Drone  
  19  1:50  Metabolic Boost  
  19  1:56  Drone x2  
  21  2:11  Zergling x2  
  22  2:23  Drone  
  22  2:25  Zergling x2  
  22  2:26  Zergling x4  
  26  2:50  Zergling x4  
  28  2:57  Roach Warren  
  27  2:58  Lair  
  27  3:05  Baneling Nest  
  26  3:06  Drone x2  
  26  3:07  Zergling x2  
  29  3:20  Zergling x2  
  29  3:23  Overlord  
  30  3:42  Zergling x8  
  34  4:02  Zergling x8  
  38  4:15  Overlord  
  27  4:51  Zergling x2  
  27  4:52  Zergling x8  
  30  5:05  Zergling x2  
  29  5:19  Zergling x2  
  30  5:27  Zergling x2  
  31  5:38  Hatchery  
  30  5:43  Zergling x2  
  30  5:44  Zergling x6  
  34  5:52  Hatchery  
  34  5:53  Zergling x2  
  34  6:11  Zergling x2  
  35  6:17  Zergling x2  
  36  6:19  Zergling x6  
  30  6:38  Roach x2  
  28  6:48  Extractor  
  28  6:50  Roach x3  
  31  7:08  Drone x5  
  36  7:21  Roach x4  
  36  7:22  Roach x2  
  49  7:30  Drone  
  49  7:31  Overlord  
  49  7:33  Overlord  
  49  7:34  Glial Reconstitution  
  44  7:54  Queen  
  44  7:55  Queen  
  38  7:59  Roach x4  
  38  8:00  Roach  
  38  8:01  Roach  
  42  8:17  Roach x3  
  42  8:36  Roach x4  
  44  8:49  Drone x4  
  44  8:54  Zergling x2  
  44  8:55  Zergling x2  
  48  9:06  Drone x3  
  51  9:16  Overseer  
  51  9:20  Queen  
  53  9:28  Drone  
  53  9:29  Drone x4  
  62  9:45  Roach x2  
  62  9:46  Roach  
  64  10:00  Spire  
  64  10:05  Drone x3  
  64  10:06  Extractor  
  65  10:09  Extractor  
  64  10:14  Roach  
  64  10:16  Overlord x2  
  64  10:17  Overlord  
  66  10:45  Drone x6  
  66  10:46  Drone x7  
  79  11:05  Roach x5  
  89  11:34  Overlord x5  
  89  12:15  Mutalisk  
  89  12:16  Mutalisk x6  
  89  12:17  Mutalisk x6  
  89  12:18  Mutalisk x3  
  121  12:23  Zergling x4  
  121  12:24  Zergling x4  
  125  12:44  Hatchery  
  124  13:03  Hatchery  
  123  13:45  Mutalisk x3  
  123  13:47  Zergling x2, Overlord x3  
  123  13:48  Overlord x7  
  130  14:02  Drone  
  131  14:57  Hydralisk Den  
  130  15:00  Drone x2  
  130  15:01  Drone x5  
  130  15:02  Mutalisk x6  
  130  15:03  Mutalisk x2  
  153  15:15  Overseer x2  
Tags
 
Add a new tag
Caveats
  • Supply blocks, unpowered buildings, or Contaminate may cause inaccurate times.
  • Supply counts are checked every 10 seconds.